 Dungeon Crawl Stone Soup version 0.31-a0-237-g2d982f9f85 (webtiles) character file.

Game seed: 16234720770829943548

54 qw the Shooter (level 3, -1/29 HPs)
             Began as a Minotaur Hexslinger on July 11, 2023.
             Killed from afar by an orc wizard (3 damage)
             ... with a puff of flame
             ... on level 3 of the Dungeon.
             The game lasted 00:00:26 (1441 turns).

qw the Shooter (Minotaur Hexslinger)                Turns: 1441, Time: 00:00:27

Health: -1/29      AC: 10    Str: 12    XL:     3   Next: 66%
Magic:  3/3        EV: 11    Int: 10    God:
Gold:   85         SH:  0    Dex: 14    Spells: 3/4 levels left

rFire   . . .        Y - +1 sling
rCold   . . .        (no shield)
rNeg    . . .        h - +0 ring mail
rPois   .            b - +2 hat
rElec   .            (no cloak)
rCorr   .            (no gloves)
SInv    .            j - +2 pair of boots
Will    .....        (no amulet)
Stlth   +            (no ring)
HPRegen 0.24/turn    (no ring)
MPRegen 0.08/turn

%: no passive effects
@: no status effects
A: horns 2, retaliatory headbutt
a: no special abilities


You were on level 3 of the Dungeon.
You visited 1 branch of the dungeon, and saw 3 of its levels.

You collected 85 gold pieces.


Innate Abilities, Weirdness & Mutations

You have a pair of horns on your head.
You reflexively headbutt those who attack you in melee.


   Skills:
 - Level 2.0 Fighting
 - Level 4.1 Ranged Weapons
 + Level 0.4 Armour
 - Level 2.1 Dodging
 - Level 1.0 Spellcasting
 - Level 2.0 Hexes


You had 3 spell levels left.
You knew the following spells:

 Your Spells              Type           Power      Damage    Failure   Level
a - Slow                  Hex            16%        N/A       34%         1

Your spell library contained the following spells:

 Spells                   Type           Power      Damage    Failure   Level
 Inner Flame              Hex/Fire       2%         N/A       83%         3
 Portal Projectile        Hex/Tloc       4%         N/A       83%         3
 Cause Fear               Hex            2%         N/A       98%         4

Inventory:

Hand Weapons
 Y - a +1 sling (weapon)
Armour
 b - a +2 hat (worn)
 h - a +0 ring mail (worn)
 j - a +2 pair of boots (worn)
Jewellery
 c - the amulet "Ciupn" {Regen+ rCorr Int+5}
   (You found it on level 3 of the Dungeon)

   [amulet of regeneration]

   Int:       It affects your intelligence (+5).
   Regen:     It increases your rate of health regeneration.
   rCorr:     It protects you from acid and corrosion.
 e - a ring of fire
 i - a ring of magical power
Scrolls
 a - 2 scrolls of identify
Potions
 f - a potion of might {unknown}
 g - a potion of mutation {unknown}

Dungeon Overview and Level Annotations

Branches:
Dungeon (3/15)

Altars:
Fedhas


Message History

A puff of flame appears from out of thin air!
The puff of flame hits you.
You shoot a sling bullet.
The sling bullet closely misses the orc.
The orc hits you from afar with a +0 trident.
Something hits you.
You shoot a sling bullet.
The orc hits you from afar with a +0 trident!
Something hits you.
You hear some strange, mumbled words.
You are confused.
The orc hits you but does no damage.
1434 ||| DRINKING potion of curing.
You feel better.
1434 ||| (to cure confusion)
The orc hits you from afar with a +0 trident.
Something hits you.
You shoot a sling bullet. The sling bullet hits the orc.
You kill the orc!
Something hits you.
You shoot a sling bullet. Something hits you but does no damage.
You shoot a sling bullet.
Something hits you but does no damage. x2
You shoot a sling bullet.
An orc wizard appears from thin air!
Reactivating autopickup.
The orc wizard casts a spell at you. The magic dart hits you.
You shoot a sling bullet. The sling bullet hits the orc wizard.
The orc wizard is moderately wounded.
The orc wizard hits you but does no damage.
You shoot a sling bullet.
The sling bullet hits the orc wizard but does no damage.
The orc wizard is moderately wounded.
The orc wizard hits you but does no damage.
You shoot a sling bullet. The sling bullet hits the orc wizard.
The orc wizard is moderately wounded.
The orc wizard points at you and mumbles some strange words.
The puff of flame hits you.
You die...

..## .## ~.#...### # .#
....... ## .#####
....... #.#######.
.....# ..... #.#.......
####.# #...# #.....# ##
#.# #.##.).# #.>...####
#.#######.##%o.#
#......%.. #.......#.#
#@# #.....####
#######.#.# #.# #<....#
## #.#.#
#.#######....####. #.#.#
#.........%.......
#.#.###.........#######.
#.....##.#####..########
#.#.#.##.# #..........
#...#.##.######.#####...
#.###.##..........# #.##


You could see an orc wizard.

Vanquished Creatures
  3 adders (D:3)
  2 dart slugs (D:1)
  An orc (D:3)
  A bat (D:1)
  2 endoplasms (D:3)
  3 goblins
  A hobgoblin (D:3)
  2 quokkas (D:1)
  3 ball pythons
  5 frilled lizards
  2 rats (D:1)
25 creatures vanquished.

Notes
Turn   | Place    | Note
-------+----------+-------------------------------------------
     0 | D:1      | qw the Minotaur Hexslinger began the quest for the Orb.
     0 | D:1      | Reached XP level 1. HP: 16/16 MP: 1/1
     0 | D:1      | 0 ||| qw: Version: 0.3-a-52-g30416fa
     0 | D:1      | 0 ||| qw: Game counter: 5557
     0 | D:1      | 0 ||| qw: Melee chars always use a shield: true
     0 | D:1      | 0 ||| qw: God list: Okawaru
     0 | D:1      | 0 ||| qw: Allow faded altars: false
     0 | D:1      | 0 ||| qw: Do Orc after clearing Dungeon:15 true
     0 | D:1      | 0 ||| qw: Do second Lair branch before Depths: true
     0 | D:1      | 0 ||| qw: Lair rune preference: random
     0 | D:1      | 0 ||| qw: Goals: Normal
     0 | D:1      | 0 ||| PLANNING D:1-11
   253 | D:1      | Reached skill level 3 in Ranged Weapons
   253 | D:1      | Reached XP level 2. HP: 23/23 MP: 2/2
   608 | D:1      | 608 ||| READING scroll labelled IGEPAK QAUNOEM.
   609 | D:1      | 609 ||| READING scroll labelled OHYICU LYGHUAMM.
   610 | D:1      | 610 ||| DROPPING scroll of poison.
   982 | D:2      | 982 ||| UPGRADING to +0 ring mail.
   992 | D:2      | 992 ||| DROPPING +0 robe.
   993 | D:2      | 993 ||| READING 3 scrolls labelled BEPUM PIGHEOQY.
   994 | D:2      | 994 ||| READING scroll labelled VEKELUCVUNAPT.
   995 | D:2      | 995 ||| DRINKING 2 green potions.
   996 | D:2      | 996 ||| READING 2 scrolls of identify.
   996 | D:2      | 996 ||| IDENTIFYING smoky grey potion
   997 | D:2      | 997 ||| DROPPING potion of attraction.
  1209 | D:3      | Identified the amulet "Ciupn" {Regen+ rCorr Int+5}
  1251 | D:3      | 1251 ||| UPGRADING to +2 hat.
  1262 | D:3      | Reached XP level 3. HP: 22/29 MP: 3/3
  1326 | D:3      | Found a faded altar of an unknown god.
  1338 | D:3      | Found a blossoming altar of Fedhas.
  1393 | D:3      | 1393 ||| UPGRADING to +2 pair of boots.
  1429 | D:3      | Reached skill level 4 in Ranged Weapons
  1433 | D:3      | HP: 3/29 [orc/+0 trident (7)]
  1434 | D:3      | 1434 ||| DRINKING potion of curing.
  1434 | D:3      | 1434 ||| (to cure confusion)
  1438 | D:3      | HP: 1/29 [orc wizard/magic dart (2)]
  1441 | D:3      | Killed from afar by an orc wizard

Levels and vault maps discovered:
D:1:      psy_arrival_statuary, layout_loops_ring
D:2:      layout_rooms
D:3:      layout_loops_ring, mainiacjoe_overflow_tiny_flanked,
          mainiacjoe_overflow_catwalk, chequers_ecumenical_altar_simple,
          skrybe_limestone_x, minmay_stone_trees_small

Skill      XL: |  1  2  3 |
---------------+----------+-----
Ranged Weapons | 3 4 |  4.1
Fighting       | 2 |  2.0
Armour         | |  0.4
Dodging        | |  2.1
Spellcasting   | |  1.0
Hexes          | |  2.0

Action                     || total
---------------------------++-------
   Fire: Sling             ||    81
    Use: Scroll            ||     5
         Potion            ||     2
 Armour: Ring mail         ||    28
  Dodge: Dodged            ||    20

Table legend:
 A = Non-vault XP
 B = Vault XP
 C = Vault XP percentage of total XP
 D = Non-vault monster count
 E = Vault monster count
 F = Vault count percentage of total count
                 A         B        C        D         E       F
            +---------+---------+-------+---------+---------+-------
      Total |      78 |       0 |   0.0 |      25 |       0 |   0.0
            +---------+---------+-------+---------+---------+-------
        D:1 |      22 |       0 |   0.0 |      12 |       0 |   0.0
        D:2 |       5 |       0 |   0.0 |       4 |       0 |   0.0
        D:3 |      51 |       0 |   0.0 |       9 |       0 |   0.0
            +---------+---------+-------+---------+---------+-------
